 Dungeon Crawl Stone Soup version 0.23.2-33-g5129a83184 (webtiles) character file.

Game seed: 4474221646075013099

49 MalarOregon the Grasshopper (level 3, -1/30 HPs)
             Began as a Ghoul Warper on June 27, 2019.
             Slain by an adder (4 damage)
             ... on level 3 of the Dungeon.
             The game lasted 00:05:15 (2652 turns).

MalarOregon the Grasshopper (Ghoul Warper)          Turns: 2652, Time: 00:05:15

Health: -1/30      AC:  4    Str: 14    XL:     3   Next: 75%
Magic:  5/5        EV: 12    Int:  9    God:
Gold:   25         SH:  0    Dex: 11    Spells: 6/6 levels left

rFire    . . .     SeeInvis .   a - +0 hand axe
rCold    + . .     Gourm    .   (no shield)
rNeg     + + +     Faith    .   b - +0 leather armour
rPois    ∞         Spirit   .   (no helmet)
rElec    .         Reflect  .   (no cloak)
rCorr    .         Harm     .   q - +0 pair of gloves
MR       .....                  (no boots)
Stlth    +.........             (no amulet)
HPRegen  0.00/turn              i - +3 ring of dexterity
MPRegen  0.09/turn              (no ring)

@: rotting
A: rotting body, claws 1, carnivore, cold resistance 1, negative energy
resistance 3, inhibited regeneration, torment resistance, unbreathing
a: no special abilities


You were on level 3 of the Dungeon.
You were not hungry.

You visited 1 branch of the dungeon, and saw 3 of its levels.

You collected 25 gold pieces.

Inventory:

Hand Weapons
 a - a +0 hand axe (weapon)
Missiles
 f - 5 tomahawks of dispersal (quivered) {!f}
Armour
 b - a +0 leather armour (worn)
 q - a +0 pair of gloves (worn)
   (You found it on level 2 of the Dungeon)
Jewellery
 i - a +3 ring of dexterity (left hand)
   (You found it on level 1 of the Dungeon)
Scrolls
 c - 3 scrolls of identify {unknown}
 d - a scroll of blinking
 h - a scroll of immolation {unknown}
 k - a scroll of enchant weapon {unknown}
 o - a scroll of enchant armour {unknown}
Potions
 g - 3 potions of magic {unknown}
 j - a potion of ambrosia {unknown}
 l - a potion of mutation {unknown}
 m - 2 potions of curing {unknown}
Comestibles
 e - 2 rations {!d}
 n - 2 chunks of flesh


   Skills:
 + Level 2.6 Fighting
 * Level 2.5 Axes
 - Level 0.8 Throwing
 + Level 1.3 Armour
 + Level 2.1 Dodging
 + Level 2.0 Spellcasting
   Level 2.6 Translocations


You had 6 spell levels left.
You didn't know any spells.
Your spell library contained the following spells:

 Spells                   Type           Power        Failure   Level  Hunger
 Blink                    Tloc           N/A          21%         2    ###....
 Shroud of Golubria       Chrm/Tloc      #.........   34%         2    ###....
 Gell's Gravitas          Tloc           #.........   38%         3    ####...
 Lesser Beckoning         Tloc           #.........   38%         3    ####...
 Teleport Other           Tloc           #.......     38%         3    ####...
 Passage of Golubria      Tloc           N/A          80%         4    #####..


Dungeon Overview and Level Annotations

Branches:
Dungeon (3/15)

Altars:


Innate Abilities, Weirdness & Mutations

Your body is rotting away.
You thrive on raw meat.
You are immune to poison.
You have sharp fingernails.
You are carnivorous and can eat meat at any time.
Your flesh is cold resistant. (rC+)
You are immune to negative energy. (rN+++)
You do not regenerate when monsters are visible.
You are immune to unholy pain and torment.
You can survive without breathing.


Message History

The gnoll hits you but does no damage.
Things that are here:
a cursed -3 club; 5 stones
Things that are here:
a cursed -3 club; 5 stones
Things that are here:
a cursed -3 club; 5 stones
Things that are here:
a cursed -3 club; 5 stones The gnoll barely misses you.
The gnoll hits you from afar with a +0 spear!
* * * LOW HITPOINT WARNING * * *
The gnoll hits you but does no damage. The gnoll barely misses you. x2
The gnoll hits you with a +0 spear.
* * * LOW HITPOINT WARNING * * *
The gnoll completely misses you.
You see here a dagger.
The gnoll hits you from afar with a +0 spear.
* * * LOW HITPOINT WARNING * * *
There is a stone staircase leading down here.
The gnoll hits you but does no damage.
The gnoll hits you from afar with a +0 spear.
* * * LOW HITPOINT WARNING * * *
You climb downwards.
An adder comes into view.
The adder hisses angrily.
There is a stone staircase leading up here.
Drop what? 16/52 slots (_ for help) (? for menu, Esc to quit)
Okay, then.
The adder closely misses you.
You closely miss the adder. The adder closely misses you.
You hit the adder but do no damage. The adder bites you but does no damage.
The adder barely misses you.
You miss the adder. The adder misses you.
Some of the chunks of flesh in your inventory have rotted away.
You hit the adder. The adder bites you.
* * * LOW HITPOINT WARNING * * *
The adder bites you but does no damage.
Unknown command.
You barely miss the adder. The adder bites you but does no damage.
You miss the adder. The adder barely misses you.
The adder bites you but does no damage.
You hit the adder. The adder bites you.
* * * LOW HITPOINT WARNING * * *
The adder bites you.
* * * LOW HITPOINT WARNING * * *
You barely miss the adder. The adder misses you.
You closely miss the adder. The adder barely misses you. The adder bites you.
You die...

#
#######.##
#........##
#.........#
#..@.......
#..S......#
#..........
###.###.###
#.# # #.#
... #.#


You could see an adder.

Vanquished Creatures
  An adder (D:2)
  A worm (D:2)
  A dart slug (D:1)
  2 leopard geckos
  2 giant cockroaches (D:1)
  5 goblins
  3 hobgoblins (D:2)
  4 kobolds
  A quokka (D:2)
  A ball python (D:2)
  3 bats
  5 frilled lizards
  4 rats
33 creatures vanquished.

Notes
Turn   | Place    | Note
-------+----------+-------------------------------------------
     0 | D:1      | MalarOregon the Ghoul Warper began the quest for the Orb.
     0 | D:1      | Reached XP level 1. HP: 17/17 MP: 2/2
   276 | D:1      | Reached skill level 1 in Armour
   358 | D:1      | Reached XP level 2. HP: 13/23 MP: 3/3
  1950 | D:2      | Reached XP level 3. HP: 28/28 MP: 4/4
  2652 | D:3      | Slain by an adder

Skill      XL: |  1  2  3 |
---------------+----------+-----
Axes           | 2 |  2.5
Armour         | 1 |  1.3
Dodging        | 2 |  2.1
Spellcasting   | 2 |  2.0
Fighting       | |  2.6
Throwing       | |  0.8
Translocations | |  2.6

Action                   || total
-------------------------++-------
Melee: Hand axe          ||   164
  Use: Scroll            ||     2
  Eat: Chunk             ||     8
Armor: Leather armour    ||    57
Dodge: Dodged            ||   141
